3R
ELLESMERE ISLAND SNOWPEOPLE @ BOMPTON BABY LAKERS
07/17/2032
 
TOP OF THE 1ST
Ellesmere Island Snowpeople batting - Pitching for Bompton Baby Lakers : LHP Ramón Negrón
Pitching: LHP Ramón Negrón
Batting: LHB Duncan Witteman 0-0: Ball
1-0: Swinging Strike
1-1: Called Strike
1-2: Ball
2-2: Ball
3-2: Foul Ball, location: 2F
3-2: Foul Ball, location: 2F
3-2: Strikes out swinging
Batting: RHB Riemer Kila 0-0: Swinging Strike
0-1: Called Strike
0-2: Ball
1-2: Ball
2-2: Strikes out swinging
Batting: RHB Magtanggol Florencio 0-0: Ball
1-0: Called Strike
1-1: Foul Ball, location: 2F
1-2: Ball
2-2: Strikes out looking
Top of the 1st over - 0 runs, 0 hits, 0 errors, 0 left on base; Ellesmere Island 0 - Bompton 0
BOTTOM OF THE 1ST
Bompton Baby Lakers batting - Pitching for Ellesmere Island Snowpeople : RHP Kosami Matsumoto
Pitching: RHP Kosami Matsumoto
Batting: RHB Kamakakoa Kaponianani 0-0: Ball
1-0: Ball
2-0: Ball
3-0: Base on Balls
Batting: LHB Lou Downes 0-0: Called Strike
0-1: Ball
1-1: Ball
Kamakakoa Kaponianani steals 2nd base
2-1: SINGLE (Groundball, 4MD)
Kamakakoa Kaponianani to third
Runner from 3rd tries for Home, SAFE, throw made home
Batting: RHB Tong-sik Im 0-0: Ball
1-0: Ball
2-0: Ball
3-0: Called Strike
3-1: Foul Ball, location: 2F
3-2: Base on Balls
Lou Downes to second
Batting: LHB Tomás Muinos 0-0: SINGLE (Line Drive, 56)
Lou Downes to third
Tong-sik Im to second
Batting: RHB Anastasio Deleón 0-0: Called Strike
0-1: Foul Ball, location: 2F
0-2: Strikes out looking
Batting: RHB Tony Cardenas 0-0: Ball
1-0: Ball
2-0: Ground out 6-3 (Groundball, 6MS)
Lou Downes scores
Tong-sik Im to third
Tomás Muinos to second
Batting: RHB Guo Chen 0-0: Called Strike
0-1: Called Strike
0-2: Foul Ball, location: 2F
0-2: Ball
1-2: Ball
2-2: Strikes out swinging
Bottom of the 1st over - 2 runs, 2 hits, 0 errors, 2 left on base; Ellesmere Island 0 - Bompton 2
TOP OF THE 2ND
Ellesmere Island Snowpeople batting - Pitching for Bompton Baby Lakers : LHP Ramón Negrón
Batting: RHB Tatsui Kiyomizu 0-0: Called Strike
0-1: Foul Ball, location: 2F
0-2: Ball
1-2: Foul Ball, location: 2F
1-2: Strikes out swinging
Batting: RHB Ryung Jae-Wook 0-0: Foul Ball, location: 2F
0-1: Swinging Strike
0-2: Foul Ball, location: 2F
0-2: Strikes out swinging
Batting: RHB César Rivera 0-0: Foul Ball, location: 2F
0-1: Ball
1-1: Swinging Strike
1-2: Ball
2-2: Foul Ball, location: 2F
2-2: Ball
3-2: Ground out 4-3 (Groundball, 4)
Top of the 2nd over - 0 runs, 0 hits, 0 errors, 0 left on base; Ellesmere Island 0 - Bompton 2
BOTTOM OF THE 2ND
Bompton Baby Lakers batting - Pitching for Ellesmere Island Snowpeople : RHP Kosami Matsumoto
Batting: RHB Wei-hong Won 0-0: Called Strike
0-1: Ground out 4-3 (Groundball, 4)
Batting: SHB Fergus Stidston 0-0: Ball
1-0: Foul Ball, location: 2F
1-1: Ball
2-1: Ball
3-1: Swinging Strike
3-2: Foul Ball, location: 2F
3-2: Foul Ball, location: 2F
3-2: Strikes out swinging
Batting: RHB Kamakakoa Kaponianani 0-0: Called Strike
0-1: Called Strike
0-2: Fly out, F9 (Flyball, 9)
Bottom of the 2nd over - 0 runs, 0 hits, 0 errors, 0 left on base; Ellesmere Island 0 - Bompton 2
TOP OF THE 3RD
Ellesmere Island Snowpeople batting - Pitching for Bompton Baby Lakers : LHP Ramón Negrón
Batting: RHB Wen Chua 0-0: Ball
1-0: Called Strike
1-1: Ball
2-1: Foul Ball, location: 2F
2-2: Ground out 4-3 (Groundball, 4)
Batting: SHB Armond Buonaiuti 0-0: Called Strike
0-1: Ball
1-1: Ball
2-1: Ball
3-1: Fly out, F8 (Flyball, 8LS)
Batting: RHB Anass Balfakir 0-0: Called Strike
0-1: Ball
1-1: Ball
2-1: Foul Ball, location: 2F
2-2: Ball
3-2: Foul Ball, location: 2F
3-2: Foul Ball, location: 2F
3-2: Base on Balls
Batting: LHB Duncan Witteman 0-0: Foul Ball, location: 2F
0-1: Ball
1-1: Called Strike
1-2: Strikes out swinging
Top of the 3rd over - 0 runs, 0 hits, 0 errors, 1 left on base; Ellesmere Island 0 - Bompton 2
BOTTOM OF THE 3RD
Bompton Baby Lakers batting - Pitching for Ellesmere Island Snowpeople : RHP Kosami Matsumoto
Batting: LHB Lou Downes 0-0: Fly out, F8 (Flyball, 8RM)
Batting: RHB Tong-sik Im 0-0: Ground out 1-3 (Groundball, 15)
Batting: LHB Tomás Muinos 0-0: Called Strike
0-1: Ground out 5-3 (Groundball, 25)
Bottom of the 3rd over - 0 runs, 0 hits, 0 errors, 0 left on base; Ellesmere Island 0 - Bompton 2
TOP OF THE 4TH
Ellesmere Island Snowpeople batting - Pitching for Bompton Baby Lakers : LHP Ramón Negrón
Batting: RHB Riemer Kila 0-0: Ball
1-0: Called Strike
1-1: Ball
2-1: Ball
3-1: Foul Ball, location: 2F
3-2: Base on Balls
Batting: RHB Magtanggol Florencio 0-0: Swinging Strike
0-1: Swinging Strike
0-2: Ball
1-2: Ball
2-2: Strikes out looking
Batting: RHB Tatsui Kiyomizu 0-0: Called Strike
0-1: Ball
1-1: Ball
2-1: Ball
Wild Pitch!
Riemer Kila to second
3-1: Foul Ball, location: 2F
3-2: Strikes out looking
Batting: RHB Ryung Jae-Wook 0-0: Ball
1-0: Ball
2-0: Called Strike
2-1: Swinging Strike
2-2: Strikes out swinging
Top of the 4th over - 0 runs, 0 hits, 0 errors, 1 left on base; Ellesmere Island 0 - Bompton 2
BOTTOM OF THE 4TH
Bompton Baby Lakers batting - Pitching for Ellesmere Island Snowpeople : RHP Kosami Matsumoto
Batting: RHB Anastasio Deleón 0-0: Ball
1-0: Foul Ball, location: 2F
1-1: Fly out, F8 (Flyball, 8LS)
Batting: RHB Tony Cardenas 0-0: Called Strike
0-1: Foul Ball, location: 2F
0-2: Ball
1-2: Strikes out swinging
Batting: RHB Guo Chen 0-0: Ball
1-0: Called Strike
1-1: Ball
2-1: Ball
3-1: Base on Balls
Batting: RHB Wei-hong Won 0-0: Ball
1-0: Ball
2-0: Ground out U3 (Groundball, 3)
Bottom of the 4th over - 0 runs, 0 hits, 0 errors, 1 left on base; Ellesmere Island 0 - Bompton 2
TOP OF THE 5TH
Ellesmere Island Snowpeople batting - Pitching for Bompton Baby Lakers : LHP Ramón Negrón
Batting: RHB César Rivera 0-0: Ball
1-0: Foul Ball, location: 2F
1-1: Ball
2-1: Ball
3-1: SINGLE (Line Drive, 7S)
Batting: RHB Wen Chua 0-0: Foul Ball, location: 2F
0-1: Foul Ball, location: 2F
0-2: Ground out U3 (Groundball, 34)
César Rivera to second
Batting: SHB Armond Buonaiuti 0-0: Ball
1-0: Called Strike
1-1: Ball
2-1: Called Strike
2-2: Ball
Wild Pitch!
César Rivera to third
3-2: Foul Ball, location: 2F
3-2: Foul Ball, location: 2F
3-2: Fly out, F9 (Flyball, 9LS)
Runner from 3rd tags up, SCORES, no throw
Batting: RHB Anass Balfakir 0-0: Ball
1-0: Foul Ball, location: 2F
1-1: Swinging Strike
1-2: Foul Ball, location: 2F
1-2: Strikes out swinging
Top of the 5th over - 1 run, 1 hit, 0 errors, 0 left on base; Ellesmere Island 1 - Bompton 2
BOTTOM OF THE 5TH
Bompton Baby Lakers batting - Pitching for Ellesmere Island Snowpeople : RHP Kosami Matsumoto
Batting: SHB Fergus Stidston 0-0: Ball
1-0: Ball
2-0: Ball
3-0: Base on Balls
Batting: RHB Kamakakoa Kaponianani 0-0: SINGLE (Groundball, 4M) (infield hit)
Fergus Stidston to second
Batting: LHB Lou Downes 0-0: Sac Bunt - play at first, batter OUT! 1-4
Fergus Stidston to third
Kamakakoa Kaponianani to second
Batting: RHB Tong-sik Im 0-0: SINGLE (Line Drive, 6D)
Fergus Stidston scores
Kamakakoa Kaponianani to third
Runner from 3rd tries for Home, SAFE, no throw
Batting: LHB Tomás Muinos 0-0: Called Strike
0-1: Ball
1-1: Foul Ball, location: 2F
1-2: Ball
2-2: Ball
3-2: Foul Ball, location: 2F
3-2: Fly out, F9 (Flyball, 9LMF)
Batting: RHB Anastasio Deleón 0-0: Ball
1-0: Foul Ball, location: 2F
1-1: Ball
2-1: Called Strike
2-2: Ground out 1-3 (Groundball, P)
Bottom of the 5th over - 2 runs, 2 hits, 0 errors, 1 left on base; Ellesmere Island 1 - Bompton 4
TOP OF THE 6TH
Ellesmere Island Snowpeople batting - Pitching for Bompton Baby Lakers : LHP Ramón Negrón
Batting: LHB Duncan Witteman 0-0: SINGLE (Flyball, 89M)
Batting: RHB Riemer Kila 0-0: Ball
1-0: Foul Ball, location: 2F
1-1: Fly out, F8 (Flyball, 8RS)
Batting: RHB Magtanggol Florencio 0-0: Called Strike
0-1: Called Strike
0-2: Foul Ball, location: 2F
0-2: Grounds into double play, 6-4-3 (Groundball, 6M)
Top of the 6th over - 0 runs, 1 hit, 0 errors, 0 left on base; Ellesmere Island 1 - Bompton 4
BOTTOM OF THE 6TH
Bompton Baby Lakers batting - Pitching for Ellesmere Island Snowpeople : RHP Kosami Matsumoto
Batting: RHB Tony Cardenas 0-0: Foul Ball, location: 2F
0-1: Called Strike
0-2: Foul Ball, location: 2F
0-2: Ball
1-2: Ball
2-2: Foul Ball, location: 2F
2-2: Strikes out looking
Batting: RHB Guo Chen 0-0: Ball
1-0: Ball
2-0: Called Strike
2-1: Fly out, F6 (Line Drive, 6)
Batting: RHB Wei-hong Won 0-0: SINGLE (Groundball, 4MS) (infield hit)
Pinch Runner at 1st Jiao-long Xú:
Batting: SHB Fergus Stidston 0-0: Fly out, F9 (Flyball, 9LSF)
Bottom of the 6th over - 0 runs, 1 hit, 0 errors, 1 left on base; Ellesmere Island 1 - Bompton 4
TOP OF THE 7TH
Ellesmere Island Snowpeople batting - Pitching for Bompton Baby Lakers : LHP Ramón Negrón
Now in RF: Jiao-long Xú
Batting: RHB Tatsui Kiyomizu 0-0: Swinging Strike
0-1: Foul Ball, location: 2F
0-2: SINGLE (Flyball, 8RS)
Batting: RHB Ryung Jae-Wook 0-0: Ball
1-0: Ball
2-0: Ball
3-0: Base on Balls
Tatsui Kiyomizu to second
Pitching: LHP Abdul-Nasir Rabah
Batting: RHB César Rivera 0-0: Ball
1-0: Called Strike
1-1: Bunted foul
1-2: Ball
2-2: Strikes out swinging
Batting: RHB Wen Chua 0-0: Ball
1-0: Ball
2-0: Ball
3-0: Base on Balls
Tatsui Kiyomizu to third
Ryung Jae-Wook to second
Batting: SHB Armond Buonaiuti 0-0: Ball
1-0: Called Strike
1-1: Called Strike
1-2: Ball
2-2: SINGLE (Groundball, 56D)
Tatsui Kiyomizu scores
Ryung Jae-Wook to third
Wen Chua to second
Runner from 3rd tries for Home, SAFE, no throw
Batting: RHB Anass Balfakir 0-0: Ball
1-0: Fly out, F8 (Flyball, 8LS)
Batting: LHB Duncan Witteman 0-0: Ball
1-0: Swinging Strike
1-1: Ball
2-1: Called Strike
2-2: Ball
3-2: Ground out 6-3 (Groundball, 6)
Top of the 7th over - 2 runs, 2 hits, 0 errors, 2 left on base; Ellesmere Island 3 - Bompton 4
BOTTOM OF THE 7TH
Bompton Baby Lakers batting - Pitching for Ellesmere Island Snowpeople : RHP Kosami Matsumoto
Batting: RHB Kamakakoa Kaponianani 0-0: Called Strike
0-1: Foul Ball, location: 2F
0-2: Foul Ball, location: 2F
0-2: Ball
1-2: Ball
2-2: Ball
3-2: Ground out 4-3 (Groundball, 4)
Batting: LHB Lou Downes 0-0: Ball
1-0: Fly out, F8 (Flyball, 8LM)
Batting: RHB Tong-sik Im 0-0: Ball
1-0: Ball
2-0: Foul Ball, location: 2F
2-1: Foul Ball, location: 2F
2-2: SINGLE (Groundball, 4MD)
Batting: LHB Tomás Muinos 0-0: Ball
1-0: Called Strike
1-1: Swinging Strike
1-2: Strikes out swinging
Bottom of the 7th over - 0 runs, 1 hit, 0 errors, 1 left on base; Ellesmere Island 3 - Bompton 4
TOP OF THE 8TH
Ellesmere Island Snowpeople batting - Pitching for Bompton Baby Lakers : LHP Abdul-Nasir Rabah
Now at 1B: Enrique Martínez
Batting: RHB Riemer Kila 0-0: Ground out 4-3 (Groundball, 4S)
Batting: RHB Magtanggol Florencio 0-0: Ball
1-0: Called Strike
1-1: SINGLE (Line Drive, 34D)
Pitching: RHP José Lucero
Batting: RHB Tatsui Kiyomizu 0-0: Ball
1-0: Foul Ball, location: 2F
1-1: Ball
2-1: SINGLE (Groundball, 6MD)
Magtanggol Florencio to second
Runner from 2nd tries for 3rd, SAFE, no throw
Batting: RHB Ryung Jae-Wook 0-0: Called Strike
0-1: Called Strike
0-2: Strikes out swinging
Pinch Hitting: LHB Basava Puri 0-0: Ball
1-0: Ball
2-0: Called Strike
2-1: Ball
3-1: Called Strike
3-2: Ground out 5-3 (Groundball, 56)
Top of the 8th over - 0 runs, 2 hits, 0 errors, 2 left on base; Ellesmere Island 3 - Bompton 4
BOTTOM OF THE 8TH
Bompton Baby Lakers batting - Pitching for Ellesmere Island Snowpeople : RHP Kosami Matsumoto
Now in CF: Basava Puri
Batting: RHB Anastasio Deleón 0-0: Ball
1-0: Ground out 4-3 (Groundball, 4M)
Batting: RHB Tony Cardenas 0-0: Ground out 1-3 (Groundball, 13)
Batting: RHB Guo Chen 0-0: Ball
1-0: Foul Ball, location: 2F
1-1: Foul Ball, location: 2F
1-2: Ball
2-2: Foul Ball, location: 2F
2-2: Foul Ball, location: 2F
2-2: Ball
3-2: SINGLE (Line Drive, 7S)
Pitching: RHP Mushanokoji Aguilar
Pinch Hitting: RHB Paul Richards 0-0: Ball
1-0: SINGLE (Groundball, 56D)
Guo Chen to second
Pinch Hitting: LHB Abraham Koen 0-0: Ground out 4-3 (Groundball, 4)
Bottom of the 8th over - 0 runs, 2 hits, 0 errors, 2 left on base; Ellesmere Island 3 - Bompton 4
TOP OF THE 9TH
Ellesmere Island Snowpeople batting - Pitching for Bompton Baby Lakers : RHP José Lucero
Pitching: RHP Rafael Santiago
Now at 3B: Modeste Enobakhare
Now in LF: Roy Snider
Now in RF: Alejandro Acosata
Batting: RHB Wen Chua 0-0: Foul Ball, location: 2F
0-1: Ball
1-1: Ball
2-1: Swinging Strike
2-2: Ball
3-2: Ground out 5-3 (Groundball, 56)
Batting: SHB Armond Buonaiuti 0-0: Called Strike
0-1: Ball
1-1: Ball
2-1: Ground out 5-3 (Groundball, 56S)
Batting: RHB Anass Balfakir 0-0: Foul Ball, location: 2F
0-1: Ground out 6-3 (Groundball, 6)
Top of the 9th over - 0 runs, 0 hits, 0 errors, 0 left on base; Ellesmere Island 3 - Bompton 4
Wednesday, September 19th, 2018 - OOTP Baseball 18.8 Build 76